 Dungeon Crawl Stone Soup version 0.26.1 (webtiles) character file.

Game seed: 4810589764394880039

28 windgrace the Firebug (level 3, -2/27 HPs)
             Began as a Draconian Fire Elementalist on Feb 7, 2021.
             Was a Follower of Sif Muna.
             Slain by a worker ant (6 damage)
             ... on level 3 of the Dungeon.
             The game lasted 00:14:01 (687 turns).

windgrace the Firebug (Draconian Fire Elementalist)  Turns: 687, Time: 00:14:01

Health: -2/27      AC:  5    Str: 10    XL:     3   Next: 0%
Magic:  5/6        EV: 12    Int: 16    God:    Sif Muna [*.....]
Gold:   69         SH:  0    Dex: 11    Spells: 5/6 levels left

rFire    + . .     SeeInvis .   d - +0 spear
rCold    x . .     Faith    .   (no shield)
rNeg     . . .     Spirit   .   (armour unavailable)
rPois    .         Reflect  .   (helmet restricted)
rElec    .         Harm     .   (no cloak)
rCorr    .         Rampage  .   (no gloves)
Will     .....                  (no boots)
Stlth    ++........             (no amulet)
HPRegen  0.09/turn              l - ring of fire
MPRegen  0.10/turn              (no ring)

@: lethally poisoned (-2 -> -7)
A: unfitting armour, cold-blooded, AC +5
a: Renounce Religion, Channel Magic


You were on level 3 of the Dungeon.
You worshipped Sif Muna.
Sif Muna was aware of your devotion.
You visited 1 branch of the dungeon, and saw 4 of its levels.

You collected 69 gold pieces.

Inventory:

Hand Weapons
 c - a +0 hunting sling
 d - a +0 spear (weapon)
Missiles
 b - 19 poisoned darts (quivered)
 e - 34 stones
 j - 23 bolts
Jewellery
 l - a ring of fire (left hand)
Wands
 i - a wand of random effects (12)
Scrolls
 f - a scroll of magic mapping {unknown}
 k - a scroll of teleportation {unknown}
Potions
 a - a potion of attraction {unknown}
 g - a potion of lignification {unknown}
 h - a potion of degeneration {unknown}


   Skills:
 + Level 0.5 Fighting
 + Level 1.8 Dodging
 + Level 2.2 Stealth
 + Level 2.1 Spellcasting
 + Level 1.0 Conjurations
 + Level 3.6 Fire Magic


You had 5 spell levels left.
You knew the following spells:

 Your Spells              Type           Power        Failure   Level
a - Foxfire               Conj/Fire      52%          8%          1

Your spell library contained the following spells:

 Spells                   Type           Power        Failure   Level
 Conjure Flame            Conj/Fire      13%          24%         3
 Inner Flame              Hex/Fire       11%          28%         3
 Sticky Flame             Conj/Fire      13%          61%         4
 Fireball                 Conj/Fire      6%           91%         5


Dungeon Overview and Level Annotations

Branches:
Dungeon (4/15)
 Temple: D:4-7

Altars:
Sif Muna


Innate Abilities, Weirdness & Mutations

Your plain brown scales are hard. (AC +5)
You cannot fit into any form of body armour.
You are cold-blooded and may be slowed by cold attacks.


Message History

Confirm with . or Enter, or press ? or * to list all spells.
You feel a surge of power!
You conjure some foxfire!
The foxfire hits the worker ant but does no damage.
The worker ant is heavily wounded.
The foxfire hits the worker ant.
The worker ant is heavily wounded.
The foxfire hits the worker ant.
The worker ant is severely wounded.
The worker ant bites you but does no damage.
The orc hits you. The orc hits you with a +0 whip.
You feel sick.
The foxfire hits the worker ant but does no damage.
The worker ant is severely wounded.
The foxfire hits the worker ant but does no damage.
The worker ant is severely wounded.
The worker ant barely misses you. The orc hits you.
The orc hits you with a +0 whip.
* * * LOW HITPOINT WARNING * * *
The worker ant bites you.
You die...

#.####.### #.# #...#
#.# ###.# #.# #.# #.#
#.# #.# #.#
#.######.#######
#...##.....o.o.######
###.##.#.###@B.......
#.##.#.#.§..######.
#.##.#.#...§......
#....#.#.#########
######.........#
###.#####.# #.#####.#
........#.# .#
#.......#.#######.#


You could see a worker ant and 2 orcs.

Vanquished Creatures
  An adder (D:2)
  An orc (D:4)
  3 goblins
  2 jackals (D:3)
  4 bats
  3 frilled lizards
  2 kobolds
  4 rats
20 creatures vanquished.

Vanquished Creatures (others)
  34 foxfires
34 creatures vanquished.

Grand Total: 54 creatures vanquished

Notes
Turn   | Place    | Note
-------+----------+-------------------------------------------
     0 | D:1      | windgrace the Draconian Fire Elementalist began the quest
                  | for the Orb.
     0 | D:1      | Reached XP level 1. HP: 14/14 MP: 3/3
   244 | D:2      | Reached XP level 2. HP: 18/20 MP: 3/5
   445 | D:2      | Found a faded altar of an unknown god.
   451 | D:2      | Became a worshipper of Sif Muna the Loreminder
   451 | D:2      | Reached * piety under Sif Muna
   678 | D:4      | Reached XP level 3. HP: 23/27 MP: 1/6
   687 | D:3      | Slain by a worker ant

Illustrated notes

Levels and vault maps discovered:
D:1:      dpeg_arrival_boxorama, layout_basic
D:2:      layout_basic, chequers_ecumenical_altar_simple
D:3:      layout_basic, old_standard_altar, lemuel_crystal_altar,
          gammafunk_temple_overflow_pools, xom_teletrap_fun
D:4:      minmay_spotlight, layout_gridville, minitemple, minmay_fountain_box

Skill      XL: |  1 |
---------------+----+-----
Stealth        | 2 |  2.2
Fighting       | |  0.5
Dodging        | |  1.8
Spellcasting   | |  2.1
Conjurations   | |  1.0
Fire Magic     | |  3.6

Action                   || total
-------------------------++-------
Melee: Unarmed           ||    16
       Spear             ||    46
       Tailslap          ||     2
Throw: Dart              ||     1
 Cast: Foxfire           ||    18
Invok: Channel Magic     ||     1
 Stab: Sleeping          ||     1
Armor: Skin              ||    30
Dodge: Dodged            ||    56
